 Dungeon Crawl Stone Soup version 0.27-a0-445-gbe96e517c0 (webtiles) character file.

Game seed: 14070039790454559955

3894 Froggeryz the Grappler (level 10, -1/74 HPs)
             Began as a Demonspawn Chaos Knight on Feb 27, 2021.
             Was a Plaything of Xom.
             Slain by a two-headed ogre
             ... wielding a +0 giant club
              (8 damage)
             ... on level 9 of the Dungeon.
             The game lasted 00:15:06 (6806 turns).

Froggeryz the Grappler (Demonspawn Chaos Knight)    Turns: 6806, Time: 00:15:07

Health: -1/74      AC:  8    Str: 16    XL:     10   Next: 0%
Magic:  10/10      EV: 11    Int: 13    God:    Xom [.*....]
Gold:   138        SH:  0    Dex: 15    Spells: 9/9 levels left

rFire    . . .     SeeInvis +     - Unarmed
rCold    + . .     Faith    +   (no shield)
rNeg     . . .     Spirit   .   l - +0 scale mail
rPois    .         Reflect  .   (helmet restricted)
rElec    .         Harm     .   g - scarf {repulsion}
rCorr    .         Rampage  .   (no gloves)
Will     .....     Clarity  +   a - +0 pair of boots
Stlth    ..........             d - amulet of faith
HPRegen  1.22/turn              f - ring of see invisible
MPRegen  0.12/turn              k - ring of protection from cold

@: lethally poisoned (-1 -> -1), repel missiles
A: antennae 2, claws 2, agile 1, clarity, regeneration 1, screaming 1, shaggy
fur 1, MP-powered wands
a: Renounce Religion


You were on level 9 of the Dungeon.
You worshipped Xom.
You were a plaything of Xom.
You visited 1 branch of the dungeon, and saw 9 of its levels.

You collected 455 gold pieces.
You spent 317 gold pieces at shops.

Inventory:

Missiles
 B - 2 throwing nets (quivered)
Armour
 a - a +0 pair of boots (worn)
 g - a scarf of repulsion (worn)
 l - a +0 scale mail (worn)
 A - a +1 buckler of protection
Jewellery
 d - an amulet of faith (around neck)
 f - a ring of see invisible (left claw)
 i - a ring of ice
 k - a ring of protection from cold (right claw)
 n - an amulet of reflection
Wands
 h - a wand of iceblast (3)
 m - a wand of polymorph (10)
 x - a wand of charming (12)
 C - a wand of flame (22)
Scrolls
 b - 2 scrolls of immolation {unknown}
 o - 2 scrolls of acquirement {unknown}
 p - 2 scrolls of teleportation
 r - a scroll of enchant armour {unknown}
 t - 2 scrolls of blinking {unknown}
 v - 3 scrolls of identify
 w - a scroll of fear {unknown}
 y - a scroll of noise {unknown}
Potions
 c - 3 potions of mutation
 e - 2 potions of attraction {unknown}
 j - 6 potions of curing
 q - a potion of haste
 s - a potion of might {unknown}
 u - a potion of magic {unknown}
 z - a potion of heal wounds


   Skills:
 - Level 5.4 Fighting
 - Level 3.0 Armour
 - Level 3.4 Dodging
 + Level 4.3 Shields
 - Level 11.0 Unarmed Combat


You had 9 spell levels left.
You didn't know any spells.
Your spell library contained the following spells:

 Spells                   Type           Power        Failure   Level
 Beastly Appendage        Tmut           0%           73%         1
 Magic Dart               Conj           0%           73%         1
 Blink                    Tloc           N/A          86%         2
 Call Imp                 Summ           0%           86%         2
 Slow                     Hex            0%           86%         2
 Wereblood                Tmut           0%           86%         2
 Conjure Flame            Conj/Fire      0%           97%         3
 Frozen Ramparts          Ice            0%           97%         3
 Mephitic Cloud           Conj/Pois/Air  0%           97%         3
 Spider Form              Tmut/Pois      0%           97%         3
 Ice Form                 Ice/Tmut       0%           100%        4
 Summon Ice Beast         Ice/Summ       0%           100%        4
 Blade Hands              Tmut           0%           100%        5
 Metabolic Englaciation   Hex/Ice        0%           100%        5
 Simulacrum               Ice/Necr       0%           100%        6
 Ozocubu's Refrigeration  Ice            0%           100%        7


Dungeon Overview and Level Annotations

Branches:
Dungeon (9/15)             Temple (0/1) D:4
   Lair: D:8-11         Orc: D:9-12

Altars:
Ashenzari
Kikubaaqudgha
Nemelex Xobeh
Okawaru
Qazlal
Ru
Trog
Uskayaw
Vehumet
Wu Jian
Xom
The Shining One

Shops:
D:4 *   D:5 *   D:8 [[[!


Innate Abilities, Weirdness & Mutations

You have a pair of antennae on your head.
You have very sharp fingernails.
You are agile. (Dex +2)
You possess an exceptional clarity of mind.
Your natural rate of healing is unusually fast.
You occasionally shout uncontrollably at your foes.
You are covered in fur. (AC +1)
You expend magic power (3 MP) to strengthen your wands.


Message History

You claw the kobold!
You kill the kobold!
The kobold barely misses you.
You scratch the kobold but do no damage.
You feel sick.
You claw the kobold!
You kill the kobold!
A two-headed ogre comes into view. It is wielding two +0 giant clubs.
The two-headed ogre shouts in stereo!
You feel sick.
You scratch the two-headed ogre.
The two-headed ogre is lightly wounded.
You scratch the two-headed ogre.
The two-headed ogre is lightly wounded.
The two-headed ogre hits you with a +0 giant club!
The two-headed ogre barely misses you.
You scratch the two-headed ogre but do no damage.
The two-headed ogre is lightly wounded.
The two-headed ogre hits you with a +0 giant club!!
The two-headed ogre hits you with a +0 giant club!
You are too injured to fight recklessly!
You are too injured to fight recklessly!
You are too injured to fight recklessly!
You claw the two-headed ogre!
The two-headed ogre is moderately wounded.
You feel sick.
You claw the two-headed ogre!
The two-headed ogre is heavily wounded.
The two-headed ogre hits you with a +0 giant club.
The two-headed ogre hits you but does no damage.
You scratch the two-headed ogre but do no damage.
The two-headed ogre is heavily wounded.
You scratch the two-headed ogre.
The two-headed ogre is heavily wounded.
The two-headed ogre hits you with a +0 giant club!!
* * * LOW HITPOINT WARNING * * *
A shower of butterflies erupts from you!
The two-headed ogre hits you with a +0 giant club!
You die...
Xom roars with laughter!

............##
...... #<).#.#
#...###)#..#
#....#.(#..#
###......)).#.#
...........###.#
........b....# #
.....b....$.#..#
.......@........#
......O...........
.....b...........#
.............##.##
........#.....#..
........##.....#
###....#. ##.#..
#.... . ..


You could see a two-headed ogre (ally target).

Vanquished Creatures
  A two-headed ogre (D:7)
  The ghost of highc0 the Vandal, an amateur HaWr (D:4)
  Duvessa (D:4)
  3 orc warriors
  A sky beast (D:9)
  2 ogres
  A phantom (D:9)
  A kobold brigand (D:9)
  Blork the orc (D:4)
  3 bullfrogs
  Dowan (D:4)
  6 scorpions
  A vampire bat (D:5)
  2 wights (D:7)
  3 howler monkeys
  2 bullfrog zombies
  Crazy Yiuf (D:2)
  4 hounds
  9 orc priests
  3 iguanas
  10 orc wizards
  7 worker ants
  2 hound zombies
  Robin (D:3)
  4 gnolls (D:8)
  4 adders
  3 shadow imps
  A white imp (D:8)
  An ufetubus (D:8)
  An ooze (D:3)
  3 adder skeletons
  5 worms
  2 dart slugs
  3 fire bats (D:5)
  5 leopard geckos
  35 orcs
  2 spectral bats (D:5)
  12 bats
  3 bat skeletons (D:5)
  A bat zombie (D:5)
  3 giant cockroaches
  16 goblins
  7 hobgoblins
  7 jackals
  4 quokkas
  A bat simulacrum (D:5)
  5 frilled lizards
  A giant cockroach zombie (D:6)
  15 kobolds
  A leopard gecko skeleton (D:7)
  A quokka skeleton (D:7)
  8 rats
221 creatures vanquished.

Vanquished Creatures (collateral kills)
  A centaur zombie (D:8)
  Ijyb (D:3)
  An orc wizard (D:3)
  An adder (D:3)
  A white imp (D:8)
  2 orcs (D:3)
7 creatures vanquished.

Vanquished Creatures (others)
  A wight (D:7)
  An orc (D:4)
2 creatures vanquished.

Grand Total: 230 creatures vanquished

Notes
Turn   | Place    | Note
-------+----------+-------------------------------------------
     0 | D:1      | Froggeryz the Demonspawn Chaos Knight began the quest for
                  | the Orb.
     0 | D:1      | Reached XP level 1. HP: 18/18 MP: 1/1
   132 | D:1      | Found a sparkling altar of Nemelex Xobeh.
   183 | D:1      | XOM: silly message
   357 | D:1      | Reached skill level 3 in Unarmed Combat
   476 | D:1      | Gained mutation: You have a pair of small antennae on your
                  | head. [demonic ancestry]
   476 | D:1      | Reached XP level 2. HP: 24/24 MP: 2/2
   666 | D:1      | XOM: noise
  1085 | D:1      | XOM: stat loss: -1 Int (12/13)
  1103 | D:1      | XOM: noise
  1212 | D:2      | XOM: 4-stop teleportation journey
  1256 | D:2      | XOM: give mutation
  1256 | D:2      | Gained mutation: You are covered in fur. (AC +1) [Xom's
                  | grace]
  1294 | D:2      | XOM: 9-stop teleportation journey
  1384 | D:2      | Found a faded altar of an unknown god.
  1464 | D:2      | XOM: god gift: copper ring {god gift}
  1474 | D:2      | Reached XP level 3. HP: 29/29 MP: 3/3
  1735 | D:2      | Reached skill level 4 in Unarmed Combat
  1820 | D:2      | XOM: god gift: scroll labelled NORUGO RIOC {god gift}
  1998 | D:2      | Found a runed translucent door.
  1999 | D:2      | Noticed Crazy Yiuf
  2137 | D:2      | Paralysed by Crazy Yiuf for 3 turns
  2158 | D:2      | XOM: fog
  2167 | D:2      | XOM: give mutations
  2167 | D:2      | Gained mutation: You expend magic power (3 MP) to
                  | strengthen your wands. [Xom's grace]
  2167 | D:2      | Gained mutation: You are agile. (Dex +2) [Xom's grace]
  2167 | D:2      | Gained mutation: Your natural rate of healing is unusually
                  | fast. [Xom's grace]
  2189 | D:2      | XOM: give mutation
  2189 | D:2      | Gained mutation: You possess an exceptional clarity of
                  | mind. [Xom's grace]
  2189 | D:2      | XOM: butterfly on damage
  2193 | D:2      | Killed Crazy Yiuf
  2194 | D:2      | Reached XP level 4. HP: 5/35 MP: 4/4
  2375 | D:3      | Found an iron altar of Okawaru.
  2403 | D:3      | Noticed Robin
  2468 | D:3      | Killed Robin
  2508 | D:3      | Noticed Ijyb
  2516 | D:3      | XOM: summons 4 friendly demons
  2530 | D:3      | Killed Ijyb
  2594 | D:3      | Reached XP level 5. HP: 40/41 MP: 5/5
  2613 | D:3      | Reached skill level 5 in Unarmed Combat
  2959 | D:3      | Noticed a fire bat
  2959 | D:3      | a bat changed into a fire bat
  2959 | D:3      | XOM: polymorph bat -> fire bat
  2960 | D:3      | XOM: 2-stop teleportation journey
  3019 | D:3      | XOM: summons 4 hostile shadow creatures
  3096 | D:3      | Gained mutation: You have sharp fingernails. [demonic
                  | ancestry]
  3096 | D:3      | Reached XP level 6. HP: 47/47 MP: 6/6
  3195 | D:3      | XOM: enchant monster (good)
  3315 | D:4      | Reached skill level 6 in Unarmed Combat
  3405 | D:4      | Found Byuhon's General Store.
  3428 | D:4      | Found a staircase to the Ecumenical Temple.
  3524 | D:4      | Gained mutation: You have very sharp fingernails. [demonic
                  | ancestry]
  3524 | D:4      | Reached XP level 7. HP: 32/52 MP: 7/7
  3544 | D:4      | Noticed Duvessa
  3549 | D:4      | Noticed Dowan
  3555 | D:4      | XOM: scenery: create altars
  3565 | D:4      | Killed Duvessa
  3566 | D:4      | Reached skill level 7 in Unarmed Combat
  3567 | D:4      | Killed Dowan
  3630 | D:4      | Noticed Blork the orc
  3631 | D:4      | XOM: potion effect (invisibility)
  3636 | D:4      | XOM: enchant monster (good)
  3638 | D:4      | Killed Blork the orc
  3642 | D:4      | XOM: give mutations
  3642 | D:4      | Gained mutation: You have a pair of antennae on your head.
                  | [Xom's mischief]
  3642 | D:4      | Gained mutation: You occasionally shout uncontrollably at
                  | your foes. [Xom's mischief]
  3661 | D:4      | XOM: summons 3 friendly demons
  3667 | D:4      | Reached skill level 8 in Unarmed Combat
  3704 | D:4      | XOM: 10-stop teleportation journey
  3760 | D:4      | Reached skill level 1 in Dodging
  3769 | D:4      | XOM: 5-stop teleportation journey
  3797 | D:4      | Found a stormy altar of Qazlal.
  3854 | D:4      | Found a runed translucent gate.
  3855 | D:4      | Found a runed translucent gate.
  3855 | D:4      | Found a runed translucent gate.
  3857 | D:4      | Noticed highc0's ghost (amateur HaWr)
  3870 | D:4      | XOM: cleaving
  3898 | D:4      | Killed highc0's ghost
  3899 | D:4      | Reached XP level 8. HP: 58/58 MP: 8/8
  3919 | D:5      | Entered Level 5 of the Dungeon
  3921 | D:5      | Found Romuj's Assorted Antiques.
  3933 | D:5      | XOM: blink monster(s)
  4006 | D:5      | XOM: confuse monster(s)
  4014 | D:5      | XOM: confuse monster(s)
  4099 | D:5      | XOM: summons 8 friendly demons
  4284 | D:5      | XOM: 4-stop teleportation journey
  4289 | D:5      | Reached skill level 9 in Unarmed Combat
  4762 | D:6      | Found a sacrificial altar of Ru.
  4795 | D:6      | XOM: butterfly on damage
  4801 | D:6      | XOM: noise
  4910 | D:6      | Found a hide-covered altar of Uskayaw.
  5003 | D:6      | XOM: divination: detect creatures
  5081 | D:6      | Found an ornate altar of the Wu Jian Council.
  5314 | D:7      | Found a glowing golden altar of the Shining One.
  5315 | D:7      | Found a broken altar of Ashenzari.
  5315 | D:7      | Found a stormy altar of Qazlal.
  5316 | D:7      | Found an ancient bone altar of Kikubaaqudgha.
  5317 | D:7      | Found a radiant altar of Vehumet.
  5380 | D:7      | Noticed a two-headed ogre
  5396 | D:7      | XOM: noise
  5398 | D:7      | XOM: chaos upgrade
  5404 | D:7      | XOM: swap monsters
  5413 | D:7      | XOM: scenery: summon butterflies
  5434 | D:7      | Killed a two-headed ogre
  5435 | D:7      | Reached skill level 10 in Unarmed Combat
  5435 | D:7      | Mutation became permanent: You have a pair of small
                  | antennae on your head. [demonic ancestry]
  5435 | D:7      | Gained mutation: You have a pair of antennae on your head.
                  | [demonic ancestry]
  5435 | D:7      | Reached XP level 9. HP: 65/66 MP: 9/9
  5564 | D:7      | XOM: summons friendly quasit
  5647 | D:7      | XOM: divination: magic mapping
  5661 | D:7      | Reached skill level 5 in Fighting
  5762 | D:7      | XOM: scenery: create altars
  5903 | D:8      | Found Koapecs's Distillery.
  5914 | D:8      | Bought a potion of heal wounds for 70 gold pieces
  5960 | D:8      | Found Udghyicesm's Antique Armour Boutique.
  5960 | D:8      | Found Nyseseq's Armour Shop.
  5960 | D:8      | XOM: 7-stop teleportation journey
  5969 | D:8      | XOM: summons 9 friendly demons
  5979 | D:8      | Reached skill level 11 in Unarmed Combat
  6007 | D:8      | Bought a +1 buckler of protection for 247 gold pieces
  6090 | D:8      | XOM: scenery: summon butterflies
  6100 | D:8      | XOM: divination: detect items
  6141 | D:7      | Reached skill level 1 in Shields
  6216 | D:8      | Found Ojamim's Antique Armour Emporium.
  6254 | D:8      | XOM: 4-stop teleportation journey
  6310 | D:8      | Identified the +0 halberd "Kif Pyru" {vorpal, Will- Str+3
                  | Dex+4}
  6319 | D:8      | XOM: cast spell 'Necromutation'
  6469 | D:8      | Found a bloodstained altar of Trog.
  6469 | D:8      | Identified Xom's Handbook of Neurosis (Xom gifted it to you
                  | on level 8 of the Dungeon)
  6469 | D:8      | XOM: god gift: Xom's Handbook of Neurosis
  6557 | D:8      | XOM: god gift: wand of polymorph (6)
  6740 | D:9      | XOM: chaos upgrade
  6755 | D:9      | XOM: fog
  6771 | D:9      | XOM: chaos upgrade
  6794 | D:9      | Reached XP level 10. HP: 66/74 MP: 10/10
  6796 | D:9      | Noticed a two-headed ogre
  6806 | D:9      | XOM: butterfly on damage
  6806 | D:9      | Slain by a two-headed ogre

Illustrated notes

Levels and vault maps discovered:
D:1:      dpeg_arrival_circle_labyrinth_c, layout_basic,
          nemelex_xobeh_ov_fountains_minmay
D:2:      layout_loops_ring, chequers_ecumenical_altar_simple_redux,
          uniq_crazy_yiuf_cottage
D:3:      minmay_diamond_boxcup, layout_basic, nicolae_overflow_crystal_walls,
          uniq_ijyb, uniq_terence, uniq_robin
D:4:      layout_rooms, minmay_temple_entry_nine_rooms, serial_corexii_hall,
          corexii_hall_statues_t, corexii_hall_statues_s, serial_shops,
          nicolae_shop_statue_plus, ebering_ghost_rock_garden,
          grunt_qazlal_clouds, uniq_duvessa, uniq_blork_the_orc
D:5:      layout_cave_pools, serial_shops, nicolae_shop_statue_plus,
          goddamned_bats
D:6:      layout_loops_cross, lemuel_crystal_altar,
          eat_drink_and_be_merry_uskayaw, basic_altar
D:7:      layout_rooms, grunt_temple_overflow_open, skrybe_limestone_x,
          minmay_a_box_with_orc_wizards_in_it
D:8:      layout_loops_ring, serial_shops, shop, nicolae_shop_crystal,
          nicolae_shop_trees, shop_fountains, trog_hazing_becter
D:9:      layout_big_octagon, minmay_overflow_temple_star_hex, basic_altar,
          serial_shops, nicolae_shop_statue_plus, uniq_maggie

Skill      XL: |  1  2  3  4  5  6  7  8  9 |
---------------+----------------------------+-----
Unarmed Combat | 3 4 5 6 8 10 11 | 11.0
Armour         | 2 3 |  3.0
Dodging        | 1 3 |  3.4
Fighting       | 4 5 |  5.4
Shields        | 4 |  4.3

Action                   |  1- 3 |  4- 6 |  7- 9 | 10-12 || total
-------------------------+-------+-------+-------+-------++-------
Melee: Unarmed           |   105 |   290 |   411 |    10 ||   816
       Punch             |       |     5 |    18 |       ||    23
Throw: Throwing net      |       |       |     2 |       ||     2
  Use: Scroll            |     4 |     4 |     2 |       ||    10
 Stab: Paralysed         |       |       |     2 |       ||     2
       Invisible         |       |       |     1 |       ||     1
       Held in net/web   |       |       |     1 |       ||     1
Armor: Leather armour    |     8 |       |       |       ||     8
       Ring mail         |    10 |       |       |       ||    10
       Scale mail        |    16 |   133 |   198 |     1 ||   348
Dodge: Dodged            |    46 |   115 |   249 |     2 ||   412
       Repelled          |       |       |     5 |       ||     5

Table legend: (Time is in decaauts)
 A = Elapsed time spent in this place.
 B = Non-inter-level travel time spent in this place.
 C = Inter-level travel time spent in this place.
 D = Time resting spent in this place.
 E = Time spent auto-exploring this place.
 F = Levels seen in this place.
 G = Mean time per level.
                   A        B        C        D        E       F      G
               +--------+--------+--------+--------+--------+-----+--------+
         Total |   6697 |   6370 |    327 |    180 |   4550 |   9 |  744.1 |
       Dungeon |   6697 |   6370 |    327 |    180 |   4550 |   9 |  744.1 |
               +--------+--------+--------+--------+--------+-----+--------+

Top non-repeatable levels by time:
     D:1: 1166 daAuts
     D:2: 1136 daAuts
     D:3: 964 daAuts
     D:8: 834 daAuts
     D:5: 699 daAuts
     D:4: 673 daAuts
     D:7: 588 daAuts
     D:6: 574 daAuts
     D:9: 59 daAuts
